 Dungeon Crawl Stone Soup version 0.28.0-43-g3370ac3207 (webtiles) character file.

Game seed: 12465564798768995814

775 Araneus the Basher (level 7, -1/52 HPs)
             Began as a Demonspawn Fighter on Mar 10, 2022.
             Slain by Edmund
             ... wielding a +1 flail of holy wrath
              (10 damage)
             ... on level 5 of the Dungeon.
             The game lasted 00:06:30 (3851 turns).

Araneus the Basher (Demonspawn Fighter)             Turns: 3851, Time: 00:06:31

Health: -1/52      AC: 15    Str: 17 (18) XL:     7   Next: 54%
Magic:  7/7        EV:  8    Int:  9 (10) God:
Gold:   220        SH:  4    Dex:  9 (12) Spells: 6/6 levels left

rFire   . . .      SeeInvis .   a - +0 flail
rCold   . . .      Faith    .   c - +0 buckler
rNeg    . . .      Spirit   .   b - +0 scale mail
rPois   .          Reflect  .   (no helmet)
rElec   .          Harm     .   m - +2 cloak
rCorr   .          Rampage  .   (no gloves)
Will    .....                   (no boots)
Stlth   ..........              (no amulet)
HPRegen 0.17/turn               n - +4 ring of protection
MPRegen 0.10/turn               (no ring)

@: no status effects
A: hooves 2, molten scales 1, spiny 2, demonic magic 1
a: no special abilities


You were on level 5 of the Dungeon.
You visited 1 branch of the dungeon, and saw 5 of its levels.

You collected 220 gold pieces.

Inventory:

Hand Weapons
 a - a +0 flail (weapon)
Armour
 b - a +0 scale mail (worn)
 c - a +0 buckler (worn)
 m - a +2 cloak (worn)
Jewellery
 n - a +4 ring of protection (left hand)
Scrolls
 d - a scroll of vulnerability {unknown}
 e - 3 scrolls of teleportation {unknown}
 f - a scroll of enchant weapon {unknown}
 g - 4 scrolls of blinking {unknown}
 h - 5 scrolls of identify {unknown}
 i - 2 scrolls of fog {unknown}
 j - a scroll of immolation {unknown}
 l - a scroll of enchant armour {unknown}


   Skills:
 - Level 3.0 Fighting
 + Level 8.0 Maces & Flails
 - Level 2.6 Armour
 - Level 2.6 Shields


You had 6 spell levels left.
You didn't know any spells.
Your spell library contained the following spells:

 Spells                   Type           Power      Damage    Failure   Level
 Sublimation of Blood     Necr           0%         N/A       95%         2
 Portal Projectile        Hex/Tloc       0%         N/A       99%         3
 Petrify                  Tmut/Erth      0%         N/A       100%        4
 Blade Hands              Tmut           0%         N/A       100%        5
 Excruciating Wounds      Necr           0%         N/A       100%        5
 Irradiate                Conj/Tmut      0%         3d14      100%        5
 Dispersal                Tloc           0%         N/A       100%        6
 Disjunction              Tloc           0%         N/A       100%        8


Dungeon Overview and Level Annotations

Branches:
Dungeon (5/15)
 Temple: D:4-7

Altars:
Qazlal

Shops:
D:4 =

Annotations:
D:5 Edmund


Innate Abilities, Weirdness & Mutations

You have hoof-like feet.
You are partially covered in molten scales. (AC +2)
You are mostly covered in sharp spines.
Spells you cast may paralyse adjacent enemies.


Message History

An adder comes into view.
Edmund barely misses you.
You hit Edmund. Your kick misses Edmund.
Edmund is moderately wounded.
Edmund closely misses you.
You closely miss Edmund.
Edmund is moderately wounded.
Edmund barely misses you.
You hit Edmund but do no damage. You kick Edmund.
Edmund is moderately wounded.
Edmund misses you.
You hit Edmund. Your kick misses Edmund.
Edmund is heavily wounded.
Edmund hits you with a +1 flail of holy wrath!
You convulse!
You hit Edmund. You kick Edmund.
Edmund is heavily wounded.
Edmund hits you with a +1 flail of holy wrath!
You convulse!
* * * LOW HITPOINT WARNING * * *
The adder bites you but does no damage.
You are too injured to fight recklessly!
It was a potion of degeneration.
There was something very wrong with that liquid.
You feel weakened.
You feel dopey.
You feel clumsy. You block the adder's attack. Edmund is struck by your spines.
Edmund hits you but does no damage.
It was a potion of magic.
Magic courses through your body. The adder is struck by your spines.
The adder bites you.
* * * LOW HITPOINT WARNING * * *
Edmund is struck by your spines. Edmund completely misses you.
The adder barely misses you. The adder is struck by your spines.
You kill the adder!
Your Maces & Flails skill increases to level 8!
There is a stone staircase leading up here.
You closely miss Edmund.
Edmund is almost dead.
Edmund hits you with a +1 flail of holy wrath!
You die...

#.........#
#.........#
#.........#
#.........#
#.........#
#........#
#....>...+
#.#...@....###
#....!@.......
##############


You could see Edmund.

Vanquished Creatures
  Grinder (D:3)
  Sigmund (D:3)
  A phantom (D:4)
  2 hounds
  2 iguanas (D:4)
  3 orc wizards
  3 adders
  3 gnolls (D:3)
  A howler monkey skeleton (D:4)
  3 worms
  4 dart slugs (D:1)
  6 orcs
  5 ball pythons
  7 endoplasms
  2 giant cockroaches
  4 hobgoblins (D:1)
  5 jackals
  7 kobolds
  A quokka (D:2)
  5 bats
  A frilled lizard (D:2)
  5 goblins
  9 rats
81 creatures vanquished.

Vanquished Creatures (others)
  3 plants (D:4)
3 creatures vanquished.

Grand Total: 84 creatures vanquished

Notes
Turn   | Place    | Note
-------+----------+-------------------------------------------
     0 | D:1      | Araneus the Demonspawn Fighter began the quest for the Orb.
     0 | D:1      | Reached XP level 1. HP: 18/18 MP: 1/1
    89 | D:1      | Reached skill level 2 in Maces & Flails
   204 | D:1      | Gained mutation: You have large cloven feet. [demonic
                  | ancestry]
   204 | D:1      | Reached XP level 2. HP: 19/24 MP: 2/2
   461 | D:1      | Reached skill level 3 in Maces & Flails
   578 | D:1      | Gained mutation: You are partially covered in molten
                  | scales. (AC +2) [demonic ancestry]
   578 | D:1      | Reached XP level 3. HP: 29/29 MP: 3/3
  1187 | D:2      | Found a faded altar of an unknown god.
  1248 | D:2      | Found a stormy altar of Qazlal.
  1947 | D:3      | Reached skill level 4 in Maces & Flails
  1947 | D:3      | Gained mutation: Spells you cast may paralyse adjacent
                  | enemies. [demonic ancestry]
  1947 | D:3      | Reached XP level 4. HP: 34/35 MP: 4/4
  2050 | D:3      | Noticed Sigmund
  2062 | D:3      | Killed Sigmund
  2063 | D:3      | Reached skill level 5 in Maces & Flails
  2063 | D:3      | Gained mutation: You are partially covered in sharp spines.
                  | [demonic ancestry]
  2063 | D:3      | Reached XP level 5. HP: 33/41 MP: 5/5
  2063 | D:3      | Gained mutation: You are mostly covered in sharp spines.
                  | [demonic ancestry]
  2063 | D:3      | Reached XP level 6. HP: 38/47 MP: 6/6
  2304 | D:3      | Noticed Grinder
  2331 | D:3      | HP: 2/47 [Grinder (5)]
  2336 | D:3      | Killed Grinder
  2337 | D:3      | Reached skill level 6 in Maces & Flails
  2987 | D:4      | Reached skill level 7 in Maces & Flails
  2987 | D:4      | Gained mutation: You have hoof-like feet. [demonic
                  | ancestry]
  2987 | D:4      | Reached XP level 7. HP: 27/52 MP: 7/7
  3763 | D:4      | Found Dovef's Jewellery Boutique.
  3835 | D:5      | Entered Level 5 of the Dungeon
  3835 | D:5      | Noticed Edmund
  3850 | D:5      | Reached skill level 8 in Maces & Flails
  3851 | D:5      | Slain by Edmund

Illustrated notes

Levels and vault maps discovered:
D:1:      dpeg_arrival_concentric_ovals, layout_basic
D:2:      layout_basic, nicolae_ecumenical_pavilion, basic_altar
D:3:      layout_loops_ring, uniq_sigmund, uniq_grinder
D:4:      layout_cave_pools, serial_shops, kennysheep_mini_moat,
          saegor_snake_ambush
D:5:      layout_basic, chequers_serial_rivers_micro_d,
          minmay_hollow_rounded_squares, uniq_edmund, uniq_menkaure,
          uniq_duvessa, uniq_pikel

Skill      XL: |  1  2  3  4  5  6  7 |
---------------+----------------------+-----
Maces & Flails | 2 3 4 5 7 8 |  8.0
Fighting       | |  3.0
Armour         | |  2.6
Shields        | |  2.6

Action                   |  1- 3 |  4- 6 |  7- 9 || total
-------------------------+-------+-------+-------++-------
Melee: Flail             |   109 |    51 |    51 ||   211
       Kick              |    16 |    14 |    13 ||    43
  Use: Potion            |       |     4 |     2 ||     6
Armor: Scale mail        |    46 |     7 |    17 ||    70
       Skin              |       |     1 |       ||     1
Dodge: Dodged            |    54 |    18 |    15 ||    87
Block: Buckler           |    15 |     5 |     4 ||    24
